| TOP OF THE 1ST |
|
Durham Bulls batting - Pitching for Fresno Grizzlies : RHP Scott Spillman
|
|
Pitching: RHP Scott Spillman
|
|
|
Batting: RHB Jonathan Fraire
|
0-0: Ground out 6-3 (Groundball, 6, EV 106.9 MPH)
|
|
Batting: LHB Jake Rheaume
|
0-0: Called Strike 0-1: Swinging Strike 0-2: Strikes out swinging
|
|
Batting: LHB Davion Lewis
|
0-0: Called Strike 0-1: Swinging Strike 0-2: Ball 1-2: Ball 2-2: Ground out U3 (Groundball, 3L, EV 89.4 MPH)
|
| Top of the 1st over - 0 runs, 0 hits, 0 errors, 0 left on base; Durham 0 - Fresno 0 |
| BOTTOM OF THE 1ST |
|
Fresno Grizzlies batting - Pitching for Durham Bulls : LHP Chris Ross
|
|
Pitching: LHP Chris Ross
|
|
|
Batting: RHB Xavier Castaneda
|
0-0: Ball 1-0: Foul Ball, location: 2F 1-1: Called Strike 1-2: Ball 2-2: Ball 3-2: SINGLE (Groundball, 6M, EV 106.2 MPH) (infield hit)
|
|
Batting: RHB Bruce Bermudez
|
0-0: Swinging Strike 0-1: DOUBLE (Line Drive, 3D, EV 101.9 MPH) Xavier Castaneda to third
|
|
Batting: LHB Mark Dearth
|
0-0: Foul Ball, location: 2F 0-1: Foul Ball, location: 2F 0-2: Ball 1-2: Strikes out swinging
|
|
Batting: RHB Elijah Hunter
|
0-0: Ball 1-0: Ball 2-0: Ball 3-0: Called Strike 3-1: Fly out, F7 (Flyball, 7S, EV 85.0 MPH)
|
|
Batting: LHB Angelo Vasquez
|
0-0: Fly out, F7 (Flyball, 78S, EV 91.2 MPH)
|
| Bottom of the 1st over - 0 runs, 2 hits, 0 errors, 2 left on base; Durham 0 - Fresno 0 |
| TOP OF THE 2ND |
|
Durham Bulls batting - Pitching for Fresno Grizzlies : RHP Scott Spillman
|
|
Batting: RHB David Ward
|
0-0: Ball 1-0: Foul Ball, location: 2F 1-1: Foul Ball, location: 2F 1-2: Ball 2-2: Ball 3-2: Foul Ball, location: 2F 3-2: Strikes out swinging
|
|
Batting: SHB Lou Kroneman
|
0-0: Ball 1-0: Ball 2-0: Ball 3-0: Base on Balls
|
|
Batting: RHB Sesto Carpini
|
0-0: Called Strike 0-1: Foul Ball, location: 2F 0-2: Ball 1-2: Fielders Choice at 2nd, 6-4 (Groundball, 6, EV 80.6 MPH)
|
|
Batting: RHB Jose Arriola
|
0-0: Swinging Strike Sesto Carpini steals 2nd base (no throw) 0-1: SINGLE (Groundball, 6MD, EV 95.0 MPH) Sesto Carpini to third Runner from 3rd tries for Home, throw by CF and OUT! 8-2
|
| Top of the 2nd over - 0 runs, 1 hit, 0 errors, 1 left on base; Durham 0 - Fresno 0 |
| BOTTOM OF THE 2ND |
|
Fresno Grizzlies batting - Pitching for Durham Bulls : LHP Chris Ross
|
|
Batting: RHB Mark Marks
|
0-0: Called Strike 0-1: Ball 1-1: Fly out, F9 (Flyball, 9D, EV 91.9 MPH)
|
|
Batting: SHB Paskar Adegoke
|
0-0: DOUBLE (Flyball, 78XD, EV 100.6 MPH)
|
|
Batting: LHB Chris Cabrera
|
0-0: Foul Ball, location: 2F 0-1: Swinging Strike 0-2: Foul Ball, location: 2F 0-2: Fly out, F8 (Flyball, 8RD, EV 82.5 MPH)
|
|
Batting: LHB Kelvin Jones
|
0-0: Ball 1-0: Ball 2-0: Called Strike 2-1: Foul Ball, location: 2F 2-2: Strikes out swinging
|
| Bottom of the 2nd over - 0 runs, 1 hit, 0 errors, 1 left on base; Durham 0 - Fresno 0 |
| TOP OF THE 3RD |
|
Durham Bulls batting - Pitching for Fresno Grizzlies : RHP Scott Spillman
|
|
Batting: RHB Kevin Benfield
|
0-0: Called Strike 0-1: Ball 1-1: Called Strike 1-2: Strikes out swinging
|
|
Batting: RHB Freddy Mullen
|
0-0: Called Strike 0-1: Swinging Strike 0-2: Strikes out looking
|
|
Batting: RHB Jonathan Fraire
|
0-0: Called Strike 0-1: Ball 1-1: Called Strike 1-2: Ground out 5-3 (Groundball, 56, EV 105.6 MPH)
|
| Top of the 3rd over - 0 runs, 0 hits, 0 errors, 0 left on base; Durham 0 - Fresno 0 |
| BOTTOM OF THE 3RD |
|
Fresno Grizzlies batting - Pitching for Durham Bulls : LHP Chris Ross
|
|
Batting: RHB Xavier Castaneda
|
0-0: Foul Ball, location: 2F 0-1: Ball 1-1: Ball 2-1: Foul Ball, location: 2F 2-2: Ball 3-2: Strikes out swinging, 2-3 out at first.
|
|
Batting: RHB Bruce Bermudez
|
0-0: Ball 1-0: Ball 2-0: Ball 3-0: Ground out 6-3 (Groundball, 6, EV 77.5 MPH)
|
|
Batting: LHB Mark Dearth
|
0-0: Called Strike 0-1: Ball 1-1: Called Strike 1-2: Foul Ball, location: 2F 1-2: Ball 2-2: Ground out 5-3 (Groundball, 5, EV 88.8 MPH)
|
| Bottom of the 3rd over - 0 runs, 0 hits, 0 errors, 0 left on base; Durham 0 - Fresno 0 |
| TOP OF THE 4TH |
|
Durham Bulls batting - Pitching for Fresno Grizzlies : RHP Scott Spillman
|
|
Batting: LHB Jake Rheaume
|
0-0: Fly out, F7 (Flyball, 7D, EV 92.5 MPH)
|
|
Batting: LHB Davion Lewis
|
0-0: Ball 1-0: Called Strike 1-1: Swinging Strike 1-2: Foul Ball, location: 2F 1-2: Ball 2-2: Ground out 4-3 (Groundball, 4, EV 97.5 MPH)
|
|
Batting: RHB David Ward
|
0-0: Ball 1-0: Ground out 1-3 (Groundball, 13S, EV 68.1 MPH)
|
| Top of the 4th over - 0 runs, 0 hits, 0 errors, 0 left on base; Durham 0 - Fresno 0 |
| BOTTOM OF THE 4TH |
|
Fresno Grizzlies batting - Pitching for Durham Bulls : LHP Chris Ross
|
|
Batting: RHB Elijah Hunter
|
0-0: Called Strike 0-1: Ball 1-1: Ball 2-1: Ball 3-1: Base on Balls
|
|
Batting: LHB Angelo Vasquez
|
0-0: Ball 1-0: Foul Ball, location: 2F 1-1: DOUBLE (Groundball, 5L, EV 104.4 MPH) Elijah Hunter to third Runner from 3rd tries for Home, SAFE, throw by LF to trailing runner, SAFE at third!
|
|
Batting: RHB Mark Marks
|
0-0: Called Strike 0-1: Ground out 5-3 (Groundball, 5, EV 103.8 MPH)
|
|
Batting: SHB Paskar Adegoke
|
0-0: Ball 1-0: Called Strike 1-1: Swinging Strike 1-2: SINGLE (Groundball, 56S, EV 66.9 MPH) (infield hit) Angelo Vasquez scores
|
|
Batting: LHB Chris Cabrera
|
0-0: Foul Ball, location: 2F 0-1: Called Strike 0-2: Ball 1-2: Ball 2-2: Ball 3-2: Foul Ball, location: 2F 3-2: Ground out U3 (Groundball, 3, EV 101.2 MPH) Paskar Adegoke to second
|
|
Batting: LHB Kelvin Jones
|
0-0: Foul Ball, location: 2F 0-1: Swinging Strike 0-2: Ball 1-2: Ground out 5-3 (Groundball, 56, EV 90.6 MPH)
|
| Bottom of the 4th over - 2 runs, 2 hits, 0 errors, 1 left on base; Durham 0 - Fresno 2 |
| TOP OF THE 5TH |
|
Durham Bulls batting - Pitching for Fresno Grizzlies : RHP Scott Spillman
|
|
Batting: SHB Lou Kroneman
|
0-0: Ball 1-0: Foul Ball, location: 2F 1-1: Ball 2-1: Ball 3-1: Base on Balls
|
|
Batting: RHB Sesto Carpini
|
0-0: Called Strike Pickoff Throw to First - Out! 1-3 0-1: SOLO HOME RUN (Flyball, 9D, EV 97.5 MPH), Distance : 366 ft
|
|
Batting: RHB Jose Arriola
|
0-0: SINGLE (Line Drive, 5D, EV 98.8 MPH)
|
|
Batting: RHB Kevin Benfield
|
0-0: Ball 1-0: Ball 2-0: Called Strike 2-1: Ball 3-1: Foul Ball, location: 2F 3-2: Base on Balls Jose Arriola to second
|
|
Batting: RHB Freddy Mullen
|
0-0: Ball Jose Arriola steals 3rd base 1-0: Foul Ball, location: 2F 1-1: Ball 2-1: Grounds into double play, 4-6-3 (Groundball, 4, EV 88.1 MPH)
|
| Top of the 5th over - 1 run, 2 hits, 0 errors, 1 left on base; Durham 1 - Fresno 2 |
| BOTTOM OF THE 5TH |
|
Fresno Grizzlies batting - Pitching for Durham Bulls : LHP Chris Ross
|
|
Batting: RHB Xavier Castaneda
|
0-0: Ball 1-0: Foul Ball, location: 2F 1-1: Called Strike 1-2: Ground out 4-3 (Groundball, 4M, EV 80.6 MPH)
|
|
Batting: RHB Bruce Bermudez
|
0-0: Called Strike 0-1: Ball 1-1: Fly out, F9 (Flyball, 9D, EV 91.2 MPH)
|
|
Batting: LHB Mark Dearth
|
0-0: Swinging Strike 0-1: Foul Ball, location: 2F 0-2: Strikes out swinging
|
| Bottom of the 5th over - 0 runs, 0 hits, 0 errors, 0 left on base; Durham 1 - Fresno 2 |
| TOP OF THE 6TH |
|
Durham Bulls batting - Pitching for Fresno Grizzlies : RHP Scott Spillman
|
|
Batting: RHB Jonathan Fraire
|
0-0: Ball 1-0: Swinging Strike 1-1: Foul Ball, location: 2F 1-2: Foul Ball, location: 2F 1-2: Foul Ball, location: 2F 1-2: Strikes out swinging
|
|
Batting: LHB Jake Rheaume
|
0-0: Ball 1-0: Foul Ball, location: 2F 1-1: Ball 2-1: Ground out 4-3 (Groundball, 4, EV 81.9 MPH)
|
|
Batting: LHB Davion Lewis
|
0-0: Called Strike 0-1: Called Strike 0-2: Foul Ball, location: 2F 0-2: SINGLE (Groundball, 34D, EV 101.2 MPH)
|
|
Batting: RHB David Ward
|
0-0: Ball 1-0: Swinging Strike 1-1: Ball 2-1: Ball 3-1: Base on Balls Davion Lewis to second
|
|
Batting: SHB Lou Kroneman
|
0-0: Foul Ball, location: 2F 0-1: Ball 1-1: Called Strike 1-2: Strikes out swinging
|
| Top of the 6th over - 0 runs, 1 hit, 0 errors, 2 left on base; Durham 1 - Fresno 2 |
| BOTTOM OF THE 6TH |
|
Fresno Grizzlies batting - Pitching for Durham Bulls : LHP Chris Ross
|
|
Batting: RHB Elijah Hunter
|
0-0: Ball 1-0: Called Strike 1-1: Ball 2-1: SOLO HOME RUN (Flyball, 7LD, EV 94.4 MPH), Distance : 345 ft
|
|
Batting: LHB Angelo Vasquez
|
0-0: Ball 1-0: Foul Ball, location: 2F 1-1: Ball 2-1: Ground out 4-3 (Groundball, 4, EV 79.4 MPH)
|
|
Batting: RHB Mark Marks
|
0-0: Ball 1-0: Foul Ball, location: 2F 1-1: Ball 2-1: Ground out 6-3 (Groundball, 6S, EV 93.1 MPH)
|
|
Batting: SHB Paskar Adegoke
|
0-0: Called Strike 0-1: Ball 1-1: Ball 2-1: SOLO HOME RUN (Flyball, 89XD, EV 111.9 MPH), Distance : 420 ft
|
|
Batting: LHB Chris Cabrera
|
0-0: Ball 1-0: Called Strike 1-1: Called Strike 1-2: Strikes out swinging
|
| Bottom of the 6th over - 2 runs, 2 hits, 0 errors, 0 left on base; Durham 1 - Fresno 4 |
| TOP OF THE 7TH |
|
Durham Bulls batting - Pitching for Fresno Grizzlies : RHP Scott Spillman
|
|
Batting: RHB Sesto Carpini
|
0-0: SINGLE (Groundball, 4MS, EV 68.8 MPH) (infield hit)
|
|
Batting: RHB Jose Arriola
|
0-0: Called Strike Sesto Carpini is caught stealing 2nd base 2-4 0-1: SINGLE (Line Drive, 8RS, EV 93.1 MPH)
|
|
Batting: RHB Kevin Benfield
|
0-0: Ball 1-0: Ball 2-0: Grounds into double play, 5-4-3 (Groundball, 56S, EV 86.2 MPH)
|
| Top of the 7th over - 0 runs, 2 hits, 0 errors, 0 left on base; Durham 1 - Fresno 4 |
| BOTTOM OF THE 7TH |
|
Fresno Grizzlies batting - Pitching for Durham Bulls : LHP Chris Ross
|
|
Batting: LHB Kelvin Jones
|
0-0: Swinging Strike 0-1: Swinging Strike 0-2: Strikes out swinging
|
|
Batting: RHB Xavier Castaneda
|
0-0: Ball 1-0: Called Strike 1-1: SINGLE (Groundball, 34D, EV 102.5 MPH)
|
|
Pitching: LHP Sam Wesman
|
|
|
Batting: RHB Bruce Bermudez
|
0-0: Called Strike 0-1: Swinging Strike 0-2: Strikes out looking
|
|
Batting: LHB Mark Dearth
|
0-0: Ball 1-0: Called Strike 1-1: Ball Xavier Castaneda steals 2nd base 2-1: Foul Ball, location: 2F 2-2: Ground out U3 (Groundball, 3, EV 110.0 MPH)
|
| Bottom of the 7th over - 0 runs, 1 hit, 0 errors, 1 left on base; Durham 1 - Fresno 4 |
| TOP OF THE 8TH |
|
Durham Bulls batting - Pitching for Fresno Grizzlies : RHP Scott Spillman
|
|
Pitching: RHP Jordan Tejeda
|
|
|
Batting: RHB Freddy Mullen
|
0-0: Ball 1-0: Fly out, F8 (Flyball, 89M, EV 79.4 MPH)
|
|
Batting: RHB Jonathan Fraire
|
0-0: Called Strike 0-1: Ball 1-1: Ball 2-1: Ball 3-1: Base on Balls
|
|
Batting: LHB Jake Rheaume
|
0-0: Called Strike 0-1: Foul Ball, location: 2F 0-2: Ball 1-2: Foul Ball, location: 2F 1-2: Strikes out swinging
|
|
Batting: LHB Davion Lewis
|
0-0: Ball 1-0: Ball 2-0: Ball 3-0: Called Strike 3-1: Ground out 4-3 (Groundball, 34, EV 105.6 MPH)
|
| Top of the 8th over - 0 runs, 0 hits, 0 errors, 1 left on base; Durham 1 - Fresno 4 |
| BOTTOM OF THE 8TH |
|
Fresno Grizzlies batting - Pitching for Durham Bulls : LHP Sam Wesman
|
|
Batting: RHB Elijah Hunter
|
0-0: Ball 1-0: DOUBLE (Line Drive, 78M, EV 100.0 MPH)
|
|
Batting: LHB Angelo Vasquez
|
0-0: Foul Ball, location: 2F 0-1: Foul Ball, location: 2F 0-2: Ball 1-2: Ground out U3 (Groundball, 3, EV 88.1 MPH) Elijah Hunter to third
|
|
Batting: RHB Mark Marks
|
0-0: Ground out 6-3 (Groundball, 6S, EV 84.4 MPH)
|
|
Batting: SHB Paskar Adegoke
|
0-0: Ball 1-0: Foul Ball, location: 2F 1-1: Fly out, F9 (Flyball, 9D, EV 92.5 MPH)
|
| Bottom of the 8th over - 0 runs, 1 hit, 0 errors, 1 left on base; Durham 1 - Fresno 4 |
| TOP OF THE 9TH |
|
Durham Bulls batting - Pitching for Fresno Grizzlies : RHP Jordan Tejeda
|
|
Pitching: RHP Bobby Leija
|
|
|
Batting: RHB David Ward
|
0-0: Ball 1-0: Called Strike 1-1: Called Strike 1-2: Strikes out looking
|
|
Batting: SHB Lou Kroneman
|
0-0: Called Strike 0-1: Foul Ball, location: 2F 0-2: Foul Ball, location: 2F 0-2: Ball 1-2: Ball 2-2: Foul Ball, location: 2F 2-2: Strikes out swinging
|
|
Batting: RHB Sesto Carpini
|
0-0: Called Strike 0-1: Ball 1-1: Swinging Strike 1-2: Ball 2-2: Ball 3-2: Foul Ball, location: 2F 3-2: Strikes out looking
|
| Top of the 9th over - 0 runs, 0 hits, 0 errors, 0 left on base; Durham 1 - Fresno 4 |
|